 Dungeon Crawl Stone Soup version 0.17-a0-1174-ge06b3cc (webtiles) character file.

334 Fluffy the Slasher (level 6, -2/72 HPs)
             Began as a Demonspawn Gladiator on May 29, 2015.
             Slain by a slave (4 damage)
             ... led by Pikel
             ... on level 5 of the Dungeon.
             The game lasted 00:08:04 (4153 turns).

Fluffy the Slasher (Demonspawn Gladiator)           Turns: 4153, Time: 00:08:04

Health: -2/72      AC: 27    Str: 19    XL:     6   Next: 27%
Magic:  6/6        EV:  2    Int: 15    God:
Gold:   225        SH:  0    Dex: 12    Spells: 0 memorised, 5 levels left

rFire  . . .     SeeInvis .     a - +0 long sword
rCold  . . .     Clarity  .     (armour currently unavailable)
rNeg   + + +     SustAt   .     (no shield)
rPois  +         Gourm    .     (helmet currently unavailable)
rElec  .         Spirit   .     (cloak currently unavailable)
rCorr  .         Warding  .     (gloves currently unavailable)
rMut   .         NoTele   +     (boots currently unavailable)
MR     .....                    (no amulet)
Stlth  +.........               D - +4 ring of protection
                                h - +2 ring of strength

@: brilliant, tree-form, very slightly contaminated, hasted, very quick, not
resistant to hostile enchantments, very unstealthy
A: rough black scales 1, powered by pain 1
a: no special abilities


You were on level 5 of the Dungeon.
You were near starving.
You were a tree.
You visited 1 branch of the dungeon, and saw 5 of its levels.

You collected 225 gold pieces.

Inventory:

Hand weapons
 a - a +0 long sword (weapon)
Missiles
 d - 4 throwing nets (quivered)
Armour
 c - a +0 helmet (melded)
 k - a +0 plate armour (melded)
 A - a +0 cloak (melded)
Jewellery
 h - a +2 ring of strength (left branch)
 l - an uncursed amulet of faith
 p - a +2 ring of dexterity
 D - a +4 ring of protection (right branch)
Magical devices
 r - a wand of fireball (7)
Scrolls
 b - 2 scrolls of fog {unknown}
 g - 2 scrolls of magic mapping {unknown}
 i - a scroll of teleportation {unknown}
 j - 6 scrolls of identify {unknown}
 m - a scroll of random uselessness {unknown}
 q - 2 scrolls of enchant armour {unknown}
 t - 3 scrolls of recharging {unknown}
 x - a scroll of enchant weapon {unknown}
 y - a scroll of noise {unknown}
Potions
 f - 2 potions of haste
 u - a potion of curing
 w - a potion of agility {unknown}
 z - a potion of berserk rage {unknown}
 B - a potion of might {unknown}
 C - a potion of magic {unknown}
 F - a potion of resistance {unknown}
 G - a potion of poison {unknown}
Comestibles
 e - 6 bread rations
 n - a fruit
 E - 2 meat rations


   Skills:
 + Level 4.0 Fighting
 + Level 4.3 Long Blades
 - Level 1.7 Throwing
 + Level 2.9 Armour
 - Level 2.9 Dodging


You had 5 spell levels left.
You didn't know any spells.

Dungeon Overview and Level Annotations

Branches:
Dungeon (5/15)
 Temple: D:4-7

Altars:
The Shining One

Annotations:
D:5 Pikel


Innate Abilities, Weirdness & Mutations

(You are partially covered in rough black scales (AC +4, Dex -1).)
You sometimes gain a little power by taking damage.


Message History

The slave hits you.
* * * LOW HITPOINT WARNING * * *
Pikel hits you with a whip of freezing.
* * * LOW HITPOINT WARNING * * *
Pikel freezes you.
* * * LOW HITPOINT WARNING * * *
You completely miss Pikel.
Pikel is heavily wounded.
The slave hits you but does no damage.
You closely miss Pikel.
Pikel is heavily wounded.
Pikel hits you but does no damage.
You closely miss Pikel.
Pikel is heavily wounded.
The slave hits you.
* * * LOW HITPOINT WARNING * * *
Pikel hits you but does no damage.
Drink which item? (? for menu, Esc to quit)
It was a potion of flight.
Your roots keep you in place.
The slave hits you.
You die...

[.. ....## #'#.K
#.#.# # #p#.##.#
#......
###########...#
#.cp♣Kp......$#
##p########..#####
#.#######.†.......
#....pg.[<#.......
################.#
.


You could see Pikel, 3 slaves and a centaur.

Vanquished Creatures
  A slave (D:5)
  A phantom (D:4)
  A scorpion (D:3)
  Terence (D:2)
  Natasha (twice) (D:2)
  6 adders
  5 worms
  4 giant geckos
  A ball python (D:3)
  5 hobgoblins
  2 jackals (D:2)
  2 kobolds (D:3)
  4 quokkas
  7 bats
  6 giant cockroaches
  6 giant newts
  6 goblins
  A quokka skeleton (D:4)
  6 rats
67 creatures vanquished.

Notes
Turn   | Place    | Note
--------------------------------------------------------------
     0 | D:1      | Fluffy the Demonspawn Gladiator began the quest for the Orb.
     0 | D:1      | Reached XP level 1. HP: 16/16 MP: 1/1
   558 | D:1      | Gained mutation: You are partially covered in rough black scales (AC +4, Dex -1). [demonic ancestry]
   558 | D:1      | Reached XP level 2. HP: 22/22 MP: 2/2
   862 | D:2      | Noticed Terence
   867 | D:2      | Reached skill level 3 in Long Blades
   886 | D:2      | Killed Terence
   886 | D:2      | Reached skill level 1 in Armour
   886 | D:2      | Reached XP level 3. HP: 14/28 MP: 3/3
  1101 | D:2      | Found a glowing golden altar of the Shining One.
  1110 | D:2      | Noticed Natasha
  1122 | D:2      | Killed Natasha
  1122 | D:2      | Gained mutation: You sometimes gain a little power by taking damage. [demonic ancestry]
  1122 | D:2      | Reached XP level 4. HP: 9/35 MP: 4/4
  1386 | D:2      | Noticed Natasha
  1395 | D:2      | Killed Natasha
  2121 | D:3      | Reached XP level 5. HP: 37/41 MP: 5/5
  2395 | D:3      | Reached skill level 4 in Long Blades
  3511 | D:4      | Noticed a phantom
  3583 | D:4      | Killed a phantom
  3583 | D:4      | Reached XP level 6. HP: 40/48 MP: 6/6
  4083 | D:5      | Entered Level 5 of the Dungeon
  4087 | D:5      | Noticed Pikel
  4152 | D:5      | HP: 2/72 [slave[Pikel] (6)]
  4153 | D:5      | Slain by a slave

Vault maps used:
D:1:      elethiomel_arrival_infinity_welcomes_careful_drivers,
          hangedman_decor_growths
D:2:      tso_metal_star, uniq_terence, uniq_natasha
D:3:      first_bread
D:5:      lemuel_crystal_altar, lemuel_crystal_altar, hex_intersection,
          grunt_decor_cap, uniq_pikel

Action                   |  1- 3 |  4- 6 || total
-------------------------+-------+-------++-------
Melee: Long sword        |   111 |   265 ||   376
  Use: Potion            |       |     5 ||     5
  Eat: Chunk             |     1 |     8 ||     9
